 Dungeon Crawl Stone Soup version 0.30-a0-354-g6b83867211 (webtiles) character file.

Game seed: 6331741123458231538

58 greasedhog the Covered (level 4, -1/35 HPs)
             Began as a Djinni Fighter on Nov 8, 2022.
             Killed by divine providence
             ... invoked by an orc priest
              (12 damage)
             ... on level 3 of the Dungeon.
             The game lasted 00:02:49 (1786 turns).

greasedhog the Covered (Djinni Fighter)             Turns: 1786, Time: 00:02:49

Health: -1/35      AC: 10    Str: 15    XL:     4   Next: 20%
Gold:   46         EV:  9    Int:  9    God:
                   SH:  5    Dex: 15

rFire   + + .      SeeInvis .    a - +0 long sword
rCold   x . .      Faith    .    c - +0 buckler
rNeg    . . .      Spirit   .    i - +2 ring mail of a treasure trove {Rampage}
rPois   ∞          Reflect  .    (no helmet)
rElec   .          Harm     .    b - +0 cloak
rCorr   .          Rampage  +    h - +0 pair of gloves
Will    .....                    (boots unavailable)
Stlth   +.........               (no amulet)
HPRegen 0.25/turn                (no ring)
MPRegen 0.00/turn                (no ring)

@: flying
A: sickness immunity, fire resistance 2, cold vulnerability 1, float, innate
caster, HP casting, extra vitality 1
a: no special abilities


You were on level 3 of the Dungeon.
You visited 1 branch of the dungeon, and saw 3 of its levels.

You collected 46 gold pieces.

Inventory:

Hand Weapons
 a - a +0 long sword (weapon)
Armour
 b - a +0 cloak (worn)
 c - a +0 buckler (worn)
 h - a +0 pair of gloves (worn)
 i - the +2 ring mail of a treasure trove (worn) {Rampage}
   (You found it on level 2 of the Dungeon)

   Rampage:   It bestows one free step when moving towards enemies.
Scrolls
 g - 2 scrolls of butterflies
 k - a scroll of blinking
 l - a scroll of poison
Potions
 d - 3 potions of might
 f - a potion of invisibility {unknown}
 j - a potion of haste {unknown}


   Skills:
 - Level 3.2 Fighting
 * Level 2.4 Long Blades
 * Level 3.6 Armour
 * Level 3.5 Shields


You had 2 spell levels left.
You knew the following spells:

 Your Spells              Type           Power      Damage    Failure   Level
a - Sandblast             Erth           0%         2d4       71%         1
Your spell library was empty.

Dungeon Overview and Level Annotations

Branches:
Dungeon (3/15)

Altars:


Innate Abilities, Weirdness & Mutations

You are immune to sickness and miasma.
You are immune to poison.
Your flesh is very heat resistant. (rF++)
You are vulnerable to cold. (rC-)
You float through the air rather than walking.
You learn spells naturally, not from books.
Your magical power is your life essence.
You have superior vitality. (+4 MHP)


Message History

No target in view!
No target in view!
No target in view!
No target in view!
No target in view!
No target in view!
You see here a +0 pair of boots.
A rat comes into view.
A rat is nearby!
A rat is nearby!
You rampage towards the rat!
You rampage towards the rat!
An orc comes into view. It is wielding a +0 flail.
The orc shouts!
The rat bites you but does no damage.
An orc priest comes into view. It is wielding a +0 hand axe.
The orc moves out of view.
The orc priest shouts!
You hit the rat.
You kill the rat!
An orc priest comes into view. It is wielding a +0 short sword.
An orc comes into view. It is wielding a +0 club.
The orc priest shouts!
The orc priest begins to cast a cantrip, but forgets the words!
You see here a rat corpse.
Found 9 gold pieces.
The orc hits you with a +0 flail.
The orc priest looks braver for a moment.
You hit the orc priest.
The orc priest is moderately wounded.
The orc misses you.
The orc priest hits you but does no damage.
You closely miss the orc priest.
The orc priest is moderately wounded.
The orc priest mumbles some strange prayers to Beogh against you.
Beogh smites you!
The orc priest invokes the aid of Beogh against you.
Beogh smites you! You block the orc's attack.
The orc priest invokes the aid of Beogh against you.
Beogh smites you!
You die...

######### #...[....
##.######. ##...##
#.
########.....####.
###..†..............
#oo@######.....###..
#.....#o# ##...##
#.. #.... o.# ##.##
#.. #.## ##.# #.#
#.. # #.# #.#####..
#.$ #........ #.#
#.....[.. #..
#.#.#...# #....#..##


You could see 2 orc priests and 2 orcs.

Vanquished Creatures
  2 adders (D:2)
  A worm (D:2)
  A dart slug (D:1)
  An orc (D:2)
  2 giant cockroaches
  A goblin (D:2)
  3 hobgoblins
  2 kobolds
  5 quokkas
  7 ball pythons
  2 bats (D:2)
  6 frilled lizards
  4 rats
37 creatures vanquished.

Vanquished Creatures (others)
  3 plants (D:2)
3 creatures vanquished.

Grand Total: 40 creatures vanquished

Notes
Turn   | Place    | Note
-------+----------+-------------------------------------------
     0 | D:1      | greasedhog the Djinni Fighter began the quest for the Orb.
     0 | D:1      | Reached XP level 1. HP: 20/20 MP: 0/0
    85 | D:1      | Reached XP level 2. HP: 25/25 MP: 0/0
   724 | D:2      | Reached XP level 3. HP: 3/30 MP: 0/0
   724 | D:2      | Learned a level 1 spell: Sandblast
   996 | D:2      | Identified the +2 ring mail of a treasure trove {Rampage}
  1321 | D:2      | Reached XP level 4. HP: 33/35 MP: 0/0
  1786 | D:3      | Killed from afar by an orc priest

Illustrated notes

Levels and vault maps discovered:
D:1:      lemuel_arrival_lava_pool, layout_basic
D:2:      layout_basic, serial_bayou_pond_e, hangedman_decor_points,
          minmay_misc_feat_doors
D:3:      layout_loops_ring, grunt_temple_overflow_order_and_chaos_1,
          old_standard_altar, minmay_misc_feat_room, hangedman_glass_teeth,
          minmay_misc_feat_columns

Skill      XL: |  1  2 |
---------------+-------+-----
Long Blades    | 2 |  2.4
Fighting       | |  3.2
Armour         | |  3.6
Shields        | |  3.5

Action                   |  1- 3 |  4- 6 || total
-------------------------+-------+-------++-------
Melee: Long sword        |   115 |    13 ||   128
 Cast: Sandblast         |     2 |     1 ||     3
  Use: Scroll            |     2 |     2 ||     4
Armor: Scale mail        |    73 |       ||    73
       Ring mail         |     7 |     8 ||    15
Dodge: Dodged            |    57 |    11 ||    68
Block: Buckler           |    28 |     2 ||    30

Table legend: (Time is in decaauts)
 A = Elapsed time spent in this place.
 B = Non-inter-level travel time spent in this place.
 C = Inter-level travel time spent in this place.
 D = Time resting spent in this place.
 E = Time spent auto-exploring this place.
 F = Levels seen in this place.
 G = Mean time per level.
                   A        B        C        D        E       F      G
               +--------+--------+--------+--------+--------+-----+--------+
         Total |   1829 |   1800 |     29 |    107 |   1340 |   3 |  609.7 |
       Dungeon |   1829 |   1800 |     29 |    107 |   1340 |   3 |  609.7 |
               +--------+--------+--------+--------+--------+-----+--------+

Top non-repeatable levels by time:
     D:2: 1067 daAuts
     D:1: 700 daAuts
     D:3: 61 daAuts
